 Dungeon Crawl Stone Soup version 0.20.1-1-g8b1a95d (webtiles) character file.

84 vineage the Chopper (level 4, -3/54 HPs)
             Began as a Demonspawn Berserker on Aug 20, 2017.
             Was a Believer of Trog.
             Slain by an orc wizard
             ... wielding a +0 dagger
              (4 damage)
             ... on level 3 of the Dungeon.
             The game lasted 00:03:47 (1651 turns).

vineage the Chopper (Demonspawn Berserker)          Turns: 1651, Time: 00:03:48

Health: -3/54      AC:  2    Str: 23    XL:     4   Next: 23%
Magic:  0/4        EV: 12    Int:  8    God:    Trog [**....]
Gold:   106        SH:  0    Dex: 13    Spells: 3/3 levels left

rFire    . . .     SeeInvis .   a - +0 hand axe
rCold    . . .     Gourm    .   (no shield)
rNeg     . . .     Faith    .   b - +0 animal skin
rPois    .         Spirit   +   (helmet restricted)
rElec    .         Reflect  .   (no cloak)
rCorr    .         Harm     .   (no gloves)
MR       .....                  (no boots)
Stlth    ..........             (no amulet)
Regen    0.2/turn               (no ring)
MPRegen  0.1/turn               (no ring)

@: berserking (expiring), very quick
A: antennae 2, magic shield
a: Berserk, Trog's Hand, Burn Spellbooks, Renounce Religion


You were on level 3 of the Dungeon.
You worshipped Trog.
Trog was pleased with you.
You were not hungry.

You visited 1 branch of the dungeon, and saw 3 of its levels.

You collected 106 gold pieces.

Inventory:

Hand Weapons
 a - a +0 hand axe (weapon)
Armour
 b - a +0 animal skin (worn)
Scrolls
 d - a scroll of amnesia {unknown}
 f - 3 scrolls of remove curse
 g - a scroll of blinking {unknown}
 h - a scroll of fog {unknown}
 j - a scroll of recharging {unknown}
 n - a scroll of random uselessness {unknown}
 o - a scroll of enchant armour {unknown}
 p - a scroll of teleportation {unknown}
 r - a scroll of enchant weapon {unknown}
Potions
 e - a potion of invisibility {unknown}
 i - a potion of magic
 l - a potion of might {unknown}
 m - a potion of mutation {unknown}
Comestibles
 c - a bread ration


   Skills:
 + Level 3.6 Fighting
 + Level 3.8 Axes
 + Level 2.0 Armour
 + Level 2.1 Dodging
 + Level 0.6 Stealth


You had 3 spell levels left.
You didn't know any spells.

Dungeon Overview and Level Annotations

Branches:
Dungeon (3/15)

Altars:


Innate Abilities, Weirdness & Mutations

You have a pair of antennae on your head.
When hurt, damage is shared between your health and your magic reserves.


Message History

The orc hits you from afar with a trident.
* * * LOW HITPOINT WARNING * * *
You closely miss something. Something hits you but does no damage.
You miss something. The orc barely misses you. Something hits you.
* * * LOW HITPOINT WARNING * * *
You miss something. The orc barely misses you.
You miss something. Something hits you.
* * * LOW HITPOINT WARNING * * *
You completely miss something. The orc misses you.
You hear some strange, mumbled words.
A magic dart appears from out of thin air!
The magic dart hits you!
* * * LOW HITPOINT WARNING * * *
You are too berserk!
You closely miss something. The orc misses you.
You barely miss something. Something hits you.
* * * LOW HITPOINT WARNING * * *
You are too berserk!
You miss something. The orc barely misses you. Something hits you.
You die...

##+######.# ######......PK≈.....
##.<......###.....).{).K.≈K≈....
....†.....#.......#....≈≈≈oo....
#####'.<..#.......#....≈≈≈≈≈....
.....#....#.......#....≈P≈≈.≈...
###+.#..###.......'.....≈≈≈≈≈o..
...#.#..# #.....oo#.....≈≈≈P≈...
##.#.#..# ##+###{##.....≈≈≈w≈...
# #.#.## #@##.....≈≈≈≈≈... .
#.#.# #.......###+#..P≈≈≈ #
+.#.# #....#### ...≈≈≈ ..# +...
...≈≈≈ ##+ #.. #. #


You could see 2 orcs.

Vanquished Creatures
  A gnoll (D:3)
  3 adders
  An ooze (D:1)
  A leopard gecko (D:2)
  2 orcs (D:3)
  5 bats
  3 giant cockroaches
  3 goblins
  7 hobgoblins
  7 kobolds
  3 frilled lizards
  2 rats (D:2)
38 creatures vanquished.

Vanquished Creatures (others)
  A plant (D:3)
1 creature vanquished.

Grand Total: 39 creatures vanquished

Notes
Turn   | Place    | Note
-------+----------+-------------------------------------------
     0 | D:1      | vineage the Demonspawn Berserker began the quest for the Orb.
     0 | D:1      | Reached XP level 1. HP: 18/18 MP: 1/1
   206 | D:1      | Gained mutation: You have a pair of small antennae on your head. [demonic ancestry]
   206 | D:1      | Reached XP level 2. HP: 16/24 MP: 2/2
   780 | D:2      | Gained mutation: When hurt, damage is shared between your health and your magic reserves. [demonic ancestry]
   780 | D:2      | Reached XP level 3. HP: 20/29 MP: 3/3
   924 | D:2      | Reached ** piety under Trog
  1321 | D:3      | Gained mutation: You have a pair of antennae on your head. [demonic ancestry]
  1321 | D:3      | Reached XP level 4. HP: 12/35 MP: 2/4
  1650 | D:3      | HP: 1/54 [something (2)]
  1651 | D:3      | Slain by an orc wizard

Skill      XL: |  1  2  3 |
---------------+----------+-----
Axes           | 3 |  3.8
Dodging        | 2 |  2.1
Armour         | 2 |  2.0
Fighting       | |  3.6
Stealth        | |  0.6

Action                   |  1- 3 |  4- 6 || total
-------------------------+-------+-------++-------
Melee: Hand axe          |   101 |    45 ||   146
Throw: Tomahawk          |     3 |     1 ||     4
Invok: Berserk           |       |     1 ||     1
       Trog's Hand       |       |     1 ||     1
  Use: Scroll            |     3 |       ||     3
       Potion            |     2 |       ||     2
 Stab: Sleeping          |     1 |       ||     1
  Eat: Bread ration      |     1 |       ||     1
Armor: Animal skin       |    20 |     6 ||    26
Dodge: Dodged            |    82 |    25 ||   107
